AoeStats
← [PSCH] R!ce

African Clearing

506693937Analyzed
3v3 RM · 17d ago on Sep 14, 2026· 42m 10s· 6 players
Game mode
Random Map
Map size
Normal (6 player)
Population
200
Speed
Normal
Resources
Standard
Victory
Conquest
Starting age
Dark Age
Ending age
Imperial Age
RankedLock teamsTeams togetherTeam positionsShared explorationLock speedFull tech treeHidden civsTurbo modeCheats
Victory
Defeat
🇮🇹 Sicilians · Italy
1523
+11
🇮🇹 Italians · Italy
1432
+15
🇮🇹 Mapuche · Italy
1427
+15
🇨🇭 Bulgarians · Switzerland
1459
-15
🇨🇭 Huns · Switzerland
1421
-14
🇨🇭 Celts · Switzerland
1354
-12
ITA | tonypolik
6:24 Loom
9:02 Loom
12:59 Feudal Age
17:23 Castle Age
15:19 Double-Bit Axe
15:53 Fletching
16:48 Padded Archer Armor
16:52 Horse Collar
19:58 Bodkin Arrow
28:52 Ballistics
38:01 Wheelbarrow
38:40 Bow Saw
41:03 Leather Archer Armor
43:59 Imperial Age
ITA | Frades89
8:21 Loom
12:09 Feudal Age
12:46 Double-Bit Axe
16:50 Horse Collar
23:27 Castle Age
23:10 Fletching
23:21 Padded Archer Armor
24:24 Bodkin Arrow
25:54 Bow Saw
28:30 Leather Archer Armor
31:41 Ballistics
39:07 Imperial Age
40:51 Chemistry
39:14 Crossbowman
40:02 Thumb Ring
39:58 Bracer
42:29 Ring Archer Armor
ITA | GiaggiaZena
5:55 Loom
13:28 Feudal Age
17:31 Castle Age
15:24 Double-Bit Axe
17:09 Forging
17:37 Bloodlines
19:14 Horse Collar
23:59 Wheelbarrow
26:44 Gold Mining
27:20 Scale Barding Armor
29:12 Chain Barding Armor
29:04 Husbandry
30:41 Bow Saw
34:27 Imperial Age
32:19 Fletching
33:25 Iron Casting
32:59 Stone Mining
33:55 Scale Mail Armor
35:27 Chain Mail Armor
36:45 Plate Mail Armor
37:46 Blast Furnace
37:36 Elite Serjeant
38:01 Capped Ram
40:40 Bodkin Arrow
40:38 Arrowslits
42:20 Bracer
[PSCH] Girithron
5:59 Loom
12:55 Feudal Age
16:56 Castle Age
15:21 Double-Bit Axe
15:47 Scale Mail Armor
18:24 Bow Saw
25:05 Wheelbarrow
26:49 Horse Collar
31:20 Imperial Age
30:58 Heavy Plow
31:16 Hand Cart
32:40 Conscription
34:30 Chain Mail Armor
37:01 Forging
38:34 Plate Mail Armor
38:40 Iron Casting
38:54 Elite Woad Raider
41:21 Blast Furnace
[PSCH] wolverito
9:18 Loom
14:35 Feudal Age
19:00 Castle Age
17:37 Fletching
18:04 Double-Bit Axe
19:26 Padded Archer Armor
19:48 Bodkin Arrow
24:17 Leather Archer Armor
27:01 Bow Saw
27:57 Elite Skirmisher
40:48 Ballistics
43:53 Imperial Age
[PSCH] R!ce
9:40 Loom
12:30 Feudal Age
13:25 Double-Bit Axe
22:37 Castle Age
22:03 Bloodlines
22:44 Light Cavalry
24:53 Forging
29:05 Scale Barding Armor
29:35 Iron Casting
31:25 Wheelbarrow
32:05 Chain Barding Armor
34:31 Bow Saw
36:56 Horse Collar
39:52 Imperial Age
37:29 Fletching
40:11 Bodkin Arrow
41:37 Blast Furnace
Connection lost

Rejoining the realm…

Still unreachable

The connection could not be restored.

Session expired

The server has moved on; the page needs a fresh start.